 Dungeon Sprint DCSS version 0.27-a0-1500-g450c7e4133 (webtiles) character file.

Game seed: 12912472112820018861

457 howech the Cruncher (level 6, 0/58 HPs)
             Began as a Minotaur Gladiator on July 7, 2021.
             Was an Elder of Trog.
             Slain by a fire elemental (10 damage)
             ... summoned by a deep elf pyromancer
             ... in the Dungeon (Sprint VII: "The Pits").
             The game lasted 00:02:46 (252 turns).

howech the Cruncher (Minotaur Gladiator)             Turns: 252, Time: 00:02:46

Health: 0/58       AC: 14    Str: 18    XL:     6   Next: 77%
Magic:  5/5        EV:  7    Int:  5    God:    Trog [****..]
Gold:   0          SH:  0    Dex: 14    Spells: 5/5 levels left

rFire    . . .     SeeInvis .   k - +2 quarterstaff
rCold    . . .     Faith    .   (shield currently unavailable)
rNeg     . . .     Spirit   .   m - +2 plate armour
rPois    .         Reflect  .   c - +0 hat
rElec    .         Harm     .   (no cloak)
rCorr    .         Rampage  .   (no gloves)
Will     .....     NoTele   +   (no boots)
Stlth    ..........             (no amulet)
HPRegen  0.19/turn              (no ring)
MPRegen  0.09/turn              (no ring)

@: no status effects
A: horns 2, retaliatory headbutt
a: Renounce Religion, Berserk, Trog's Hand, Brothers in Arms


You were in the Dungeon.
You worshipped Trog.
Trog was greatly pleased with you.
You visited 1 branch

Inventory:

Hand Weapons
 a - a +0 quarterstaff
 k - a +2 quarterstaff (weapon)
Missiles
 d - 2 throwing nets (quivered)
Armour
 b - a +0 leather armour
 c - a +0 hat (worn)
 m - a +2 plate armour (worn)
Potions
 e - 6 potions of curing
 f - a potion of heal wounds
 g - a potion of haste
 h - 4 potions of magic
 i - 3 potions of berserk rage
 l - 2 potions of invisibility


   Skills:
 + Level 6.6 Fighting
 + Level 5.8 Axes
 * Level 9.5 Staves
 + Level 5.5 Throwing
 + Level 6.0 Armour
 + Level 6.4 Dodging
 + Level 4.3 Evocations


You had 5 spell levels left.
You didn't know any spells.
Your spell library was empty.

Dungeon Overview and Level Annotations

Branches:
Dungeon (1/1)

Altars:
Ashenzari
Cheibriados
Dithmenos
Elyvilon
Fedhas
Gozag
Hepliaklqana
Kikubaaqudgha
Makhleb
Nemelex Xobeh
Okawaru
Qazlal
Ru
Sif Muna
Trog
Uskayaw
Vehumet
Wu Jian
Xom
Yredelemnul
Zin
The Shining One
Beogh
Jiyva
Lugonu


Innate Abilities, Weirdness & Mutations

You have a pair of horns on your head.
You reflexively headbutt those who attack you in melee.


Message History

The fire elemental is heavily damaged.
You feel sick. The fire elemental hits you. The fire elemental burns you!
* * * LOW HITPOINT WARNING * * *
You feel sick.
The deep elf pyromancer gestures wildly while chanting.
You feel sick.
The fire elemental disappears in a puff of smoke!
The deep elf pyromancer gestures wildly while chanting.
Things that are here:
a +0 spear; a warg corpse; a necrophage corpse You feel much better.
You feel sick.
You are no longer poisoned.
Unknown command.
You sock the fire elemental!
The fire elemental is moderately damaged.
Your plate armour prevents you from hitting the fire elemental.
Your headbutt misses the fire elemental.
The fire elemental is moderately damaged.
The fire elemental hits you. The fire elemental burns you!
The fire elemental barely misses you. You furiously retaliate!
You headbutt the fire elemental.
You hit the fire elemental but do no damage.
You headbutt the fire elemental!
The fire elemental is severely damaged.
The fire elemental hits you. The fire elemental burns you!
You closely miss the fire elemental. You headbutt the fire elemental!
You destroy the fire elemental!
You thump the fire elemental!
The fire elemental is heavily damaged.
The fire elemental hits you. The fire elemental burns you!
The deep elf pyromancer casts a spell.
You thump the fire elemental!
The fire elemental is severely damaged.
The fire elemental hits you. The fire elemental burns you!
* * * LOW HITPOINT WARNING * * *
You hit the fire elemental but do no damage.
You headbutt the fire elemental.
The fire elemental is almost destroyed.
The fire elemental hits you. The fire elemental burns you!
You die...

#..........†'.....
#'#####†#####.....
#.#.....#.[##.....
#.#.....#))#####'#
#.###'###))##.....
#.#.....#))##.....
#)#.....#..##.....
#)####†##'###...<.
#@#....†...##.....
#E#........##.....
#E###########.....
#e[☼....# ######
#.......# ####
#E..#EE.# ....#
#.○###°°#+#....#
#...#☼E○#.g....+
#....○○○#'#


You could see a deep elf pyromancer and 3 fire elementals.

Vanquished Creatures
  A warg (D)
  A necrophage (D)
  Blork the orc (D)
  A gnoll sergeant (D)
  A scorpion (D)
  An iron imp (D)
  An orc wizard (D)
  A gnoll (D)
  A river rat (D)
  An adder skeleton (D)
  2 orcs (D)
  2 bats (D)
  A giant cockroach (D)
  A hobgoblin (D)
  2 jackals (D)
  A quokka (D)
  A ball python skeleton (D)
20 creatures vanquished.

Vanquished Creatures (others)
  An orc wizard (D)
1 creature vanquished.

Grand Total: 21 creatures vanquished

Notes
Turn   | Place    | Note
-------+----------+-------------------------------------------
     0 | D        | howech the Minotaur Gladiator began the quest for the Orb.
     0 | D        | Reached XP level 1. HP: 18/18 MP: 0/0
    33 | D        | Found a glowing golden altar of the Shining One.
    33 | D        | Found a glowing silver altar of Zin.
    33 | D        | Found a basalt altar of Yredelemnul.
    33 | D        | Found a shimmering altar of Xom.
    33 | D        | Found an ornate altar of the Wu Jian Council.
    33 | D        | Found a bloodstained altar of Trog.
    33 | D        | Found a shimmering blue altar of Sif Muna.
    33 | D        | Found a sacrificial altar of Ru.
    33 | D        | Found a stormy altar of Qazlal.
    33 | D        | Found an iron altar of Okawaru.
    33 | D        | Found a sparkling altar of Nemelex Xobeh.
    33 | D        | Found a burning altar of Makhleb.
    33 | D        | Found a viscous altar of Jiyva.
    33 | D        | Found a hazy altar of Hepliaklqana.
    33 | D        | Found an opulent altar of Gozag.
    33 | D        | Found a blossoming altar of Fedhas.
    33 | D        | Found a white marble altar of Elyvilon.
    33 | D        | Found a shadowy altar of Dithmenos.
    33 | D        | Found a snail-covered altar of Cheibriados.
    34 | D        | Found a radiant altar of Vehumet.
    34 | D        | Found a corrupted altar of Lugonu.
    36 | D        | Became a worshipper of Trog the Wrathful
    37 | D        | Found an ancient bone altar of Kikubaaqudgha.
    37 | D        | Found a hide-covered altar of Uskayaw.
    37 | D        | Found a broken altar of Ashenzari.
    50 | D        | Noticed a scorpion
    58 | D        | Killed a scorpion
    59 | D        | Reached skill level 5 in Staves
    59 | D        | Reached XP level 2. HP: 24/27 MP: 1/1
    59 | D        | Reached XP level 3. HP: 30/33 MP: 2/2
    67 | D        | Reached * piety under Trog
    76 | D        | Reached XP level 4. HP: 36/40 MP: 3/3
    78 | D        | Reached ** piety under Trog
    81 | D        | Reached skill level 6 in Staves
   140 | D        | Noticed a necrophage
   140 | D        | Noticed Blork the orc
   141 | D        | Noticed a warg
   142 | D        | Reached *** piety under Trog
   163 | D        | Killed Blork the orc
   163 | D        | Reached **** piety under Trog
   164 | D        | Reached skill level 5 in Fighting
   164 | D        | Reached skill level 7 in Staves
   164 | D        | Reached skill level 5 in Dodging
   164 | D        | Reached XP level 5. HP: 33/48 MP: 4/4
   170 | D        | Killed a necrophage
   171 | D        | Reached skill level 5 in Axes
   171 | D        | Reached skill level 8 in Staves
   171 | D        | Reached skill level 5 in Armour
   171 | D        | Reached XP level 6. HP: 44/57 MP: 5/5
   174 | D        | Killed a warg
   175 | D        | Reached skill level 9 in Staves
   175 | D        | Reached skill level 5 in Throwing
   184 | D        | Reached ***** piety under Trog
   200 | D        | Noticed a deep elf pyromancer
   204 | D        | Noticed a fire elemental
   212 | D        | Noticed a fire elemental
   212 | D        | Noticed a fire elemental
   243 | D        | Noticed a fire elemental
   244 | D        | Noticed a fire elemental
   244 | D        | Noticed a fire elemental
   251 | D        | Noticed a fire elemental
   252 | D        | Slain by a fire elemental

Illustrated notes

Levels and vault maps discovered:
D:        pitsprint [storerooms_1, entrance_room_1, metal_vault_5, armoury_2,
          mini_pit_1, grid_room_1, main_hall_1, silver_pit, the_coven_3,
          the_vestibule_1, steel_vault_2, golden_pit, hallway_of_sentries,
          crystal_vault_2, iron_vault_2, final_vault]

Skill      XL: |  1  2  3  4  5  6 |
---------------+-------------------+-----
Fighting       | 4 5 6 |  6.6
Axes           | 2 4 5 |  5.8
Staves         | 5 7 8 9 |  9.5
Throwing       | 3 4 5 |  5.5
Armour         | 2 4 5 6 |  6.0
Dodging        | 4 5 6 |  6.4
Evocations     | 2 3 4 |  4.3

Action                   |  1- 3 |  4- 6 || total
-------------------------+-------+-------++-------
Melee: Quarterstaff      |    17 |    63 ||    80
       Headbutt          |     2 |    17 ||    19
Throw: Throwing net      |     1 |       ||     1
Invok: Trog's Hand       |       |     1 ||     1
       Brothers in Arms  |       |     1 ||     1
  Use: Potion            |       |     5 ||     5
       Scroll            |       |     1 ||     1
 Stab: Held in net/web   |     1 |       ||     1
Armor: Leather armour    |     3 |     2 ||     5
       Plate armour      |       |    36 ||    36
Dodge: Dodged            |     9 |    24 ||    33

Table legend: (Time is in decaauts)
 A = Elapsed time spent in this place.
 B = Non-inter-level travel time spent in this place.
 C = Inter-level travel time spent in this place.
 D = Time resting spent in this place.
 E = Time spent auto-exploring this place.
 F = Levels seen in this place.
 G = Mean time per level.
                   A        B        C        D        E       F      G
               +--------+--------+--------+--------+--------+-----+--------+
         Total |    245 |    245 |      0 |      0 |      0 |   1 |  245.0 |
       Dungeon |    245 |    245 |      0 |      0 |      0 |   1 |  245.0 |
               +--------+--------+--------+--------+--------+-----+--------+

Top non-repeatable levels by time:
       D: 245 daAuts
